Construct Section Command Post
Selects Indian Artillery Battlegroup
Construct Platoon Command Post
Selects Gurkha Rifles Section
Unlock M3 Stuart Light Tanks
Selects Volunteer Infantry
Selects Artillery Saturation
Selects Off-map Airburst Barrage
Construct Field Infirmary
Construct Company Command Post
Selects Perimeter Monitor
Unlock M3 Grant Medium Tanks